[Event "Titled Tuesday Blitz June 07 Early 2022"]
[White "Demchenko, Anton"]
[Black "Durarbayli, Vasif"]
[WhiteFideId "4160258"]
[BlackFideId "13402935"]
[WhiteElo "2539"]
[BlackElo "2528"]
[Result "1-0"]
[Round "05"]
[TimeControl "180+1"]
[Date "2022.06.07"]
[WhiteClock "0:00:17"]
[BlackClock "0:00:01"]

1. e4 e5 2. Nf3 Nc6 3. Bc4 Bc5 4. d3 Nf6 5. Bg5 h6 6. Bh4 a5 7. c3 Be7 8. Bg3 d6 9. Nbd2 O-O 10. O-O Kh8 11. Re1 Bg4 12. h3 Bh5 13. Bh2 Nd7 14. g4 Bg6 15. Nf1 a4 16. a3 Nc5 17. Ne3 Na5 18. Ba2 Nab3 19. Rb1 c6 20. Bg3 Bh7 21. Nf5 Bxf5 22. exf5 Bf6 23. d4 exd4 24. cxd4 Na6 25. Bxb3 axb3 26. Qxb3 Qd7 27. Re3 Nc7 28. Qd3 Nd5 29. Re2 Rfe8 30. Rbe1 Rxe2 31. Rxe2 Kg8 32. h4 Qd8 33. Qd2 Be7 34. g5 h5 35. Qd3 Bf8 36. Nd2 Qd7 37. Nc4 Ra4 38. Ne3 Nc7 39. Kg2 Nb5 40. Nc2 Ra8 41. Qf3 g6 42. f6 Re8 43. Rxe8 Qxe8 44. a4 Nc7 45. Ne3 Ne6 46. Qe4 d5 47. Qd3 Qa8 48. b3 Qa7 49. Be5 Qa5 50. Kf1 Qb4 51. f4 c5 52. Nxd5 Qa3 53. f5 Qc1+ 54. Ke2 gxf5 55. Ne7+ 1-0


[Site "https://www.chess.com"]

[Event "Titled Tuesday Blitz June 07 Early 2022"]
[White "Djokic, Mihailo"]
[Black "Bachmann, Axel"]
[WhiteFideId "976440"]
[BlackFideId "3700488"]
[WhiteElo "2255"]
[BlackElo "2587"]
[Result "1-0"]
[Round "05"]
[TimeControl "180+1"]
[Date "2022.06.07"]
[WhiteClock "0:00:06"]
[BlackClock "0:00:11"]

1. e4 d6 2. d4 g6 3. Nc3 c6 4. Be3 Nd7 5. Nf3 b5 6. Bd3 e5 7. d5 b4 8. dxc6 bxc3 9. cxd7+ Bxd7 10. b3 Nf6 11. Bg5 Be7 12. Qc1 O-O 13. O-O Nh5 14. Bh6 Re8 15. Bc4 Rc8 16. Rd1 Rxc4 17. bxc4 Qc7 18. Rb1 Qxc4 19. Nxe5 dxe5 20. Rxd7 Bc5 21. Rbb7 Nf4 22. Bxf4 exf4 23. Rxf7 Qxe4 24. h3 Bd4 25. Qd1 g5 26. Rbd7 Qe1+ 27. Qxe1 Rxe1+ 28. Kh2 Bxf2 29. Rg7+ Kf8 30. Rxg5 Bg3+ 31. Rxg3 fxg3+ 32. Kxg3 Re2 33. Rxh7 Rxc2 34. Rxa7 Rc1 35. Rc7 c2 36. a4 Ke8 37. a5 Kd8 38. Rc5 Kd7 39. a6 Ra1 40. Rxc2 Ra3+ 41. Kg4 Rxa6 42. Rf2 Ke7 43. h4 1-0


[Site "https://www.chess.com"]

[Event "Titled Tuesday Blitz June 07 Early 2022"]
[White "Goltsev, Dmitry"]
[Black "Alinasab, Mobina"]
[WhiteFideId "24176710"]
[BlackFideId "12528897"]
[WhiteElo "2258"]
[BlackElo "2031"]
[Result "1-0"]
[Round "05"]
[TimeControl "180+1"]
[Date "2022.06.07"]
[WhiteClock "0:01:17"]
[BlackClock "0:00:02"]

1. e4 c5 2. Nf3 e6 3. d4 cxd4 4. Nxd4 Nf6 5. Nc3 Nc6 6. Be2 Bb4 7. Qd3 d5 8. exd5 Nxd5 9. Bd2 Nxc3 10. bxc3 Nxd4 11. Qxd4 Qxd4 12. cxd4 Bxd2+ 13. Kxd2 b6 14. Bf3 Rb8 15. Rhe1 O-O 16. c3 Bb7 17. Bxb7 Rxb7 18. a4 Rd8 19. a5 Rc8 20. axb6 axb6 21. Ra6 b5 22. Rb1 g6 23. Ra3 h5 24. Rb4 e5 25. dxe5 Rc5 26. f4 Rd7+ 27. Kc2 Rcd5 28. Kb3 Rc7 29. Ra2 Rdc5 30. Rc2 Kf8 31. h3 Ke7 32. g4 hxg4 33. hxg4 Ke6 34. Rd4 g5 35. f5+ Ke7 36. Re4 Rd5 37. e6 fxe6 38. Rxe6+ Kf8 39. Rh2 Rd3 40. Rf6+ 1-0


[Site "https://www.chess.com"]

[Event "Titled Tuesday Blitz June 07 Early 2022"]
[White "Hasangatin, Ramil"]
[Black "Cardoso Cardoso, Jose Gabriel"]
[WhiteFideId "4122160"]
[BlackFideId "4430492"]
[WhiteElo "2384"]
[BlackElo "2485"]
[Result "0-1"]
[Round "05"]
[TimeControl "180+1"]
[Date "2022.06.07"]
[WhiteClock "0:00:04"]
[BlackClock "0:00:08"]

1. e4 e6 2. d3 d5 3. Qe2 Nc6 4. Nf3 Nf6 5. g3 a5 6. Bg2 a4 7. O-O Be7 8. Re1 b5 9. exd5 Nxd5 10. d4 Rb8 11. Nbd2 O-O 12. Ne4 b4 13. Qd1 h6 14. c4 bxc3 15. Nxc3 a3 16. Nxd5 axb2 17. Nxe7+ Nxe7 18. Rb1 bxc1=Q 19. Qxc1 Bb7 20. Qc5 Nf5 21. Red1 Bd5 22. Rxb8 Qxb8 23. a4 Qa8 24. Qc3 Qxa4 25. Ra1 Qb5 26. Rc1 Rb8 27. Ne5 Bxg2 28. Kxg2 Qd5+ 29. Nf3 Rb3 30. Qc6 Qxc6 31. Rxc6 Rxf3 32. Rxc7 Nxd4 0-1


[Site "https://www.chess.com"]

[Event "Titled Tuesday Blitz June 07 Early 2022"]
[White "Jeet, Jain"]
[Black "Gunina, Valentina"]
[WhiteFideId "5073022"]
[BlackFideId "4167570"]
[WhiteElo "2055"]
[BlackElo "2386"]
[Result "0-1"]
[Round "05"]
[TimeControl "180+1"]
[Date "2022.06.07"]
[WhiteClock "0:00:07"]
[BlackClock "0:01:22"]

1. Nf3 d5 2. e3 Bg4 3. b3 e5 4. Be2 e4 5. Nd4 Bxe2 6. Nxe2 Qg5 7. Nf4 Bd6 8. h4 Qf6 9. Nc3 Bxf4 10. exf4 Ne7 11. g3 Nbc6 12. Bb2 O-O-O 13. d3 Rhe8 14. dxe4 dxe4 15. Qg4+ Nf5 16. O-O Nd4 17. Rad1 h5 18. Qh3 g6 19. Kh1 e3 20. fxe3 Rxe3 21. Rd3 Qc6+ 22. Qg2 Nxg3+ 23. Kg1 Qxg2+ 24. Kxg2 Nxf1 25. Kxf1 Rxd3 26. cxd3 Nf5 27. Ke2 Nxh4 28. Nb5 a6 29. Na3 Nf5 30. Nc4 h4 31. Ne5 h3 32. Kf3 f6 33. Nxg6 Rxd3+ 34. Ke2 h2 0-1


[Site "https://www.chess.com"]

[Event "Titled Tuesday Blitz June 07 Early 2022"]
[White "Kozak, Adam"]
[Black "Kosteniuk, Alexandra"]
[WhiteFideId "753246"]
[BlackFideId "4128125"]
[WhiteElo "2459"]
[BlackElo "2469"]
[Result "1-0"]
[Round "05"]
[TimeControl "180+1"]
[Date "2022.06.07"]
[WhiteClock "0:00:55"]
[BlackClock "0:00:02"]

1. c4 e5 2. Nf3 Nc6 3. d3 Nf6 4. a3 d5 5. cxd5 Nxd5 6. e4 Nb6 7. Be3 Be7 8. Be2 O-O 9. O-O Be6 10. Nbd2 f6 11. b4 a5 12. b5 Nb8 13. Qc2 N8d7 14. Rfc1 Rc8 15. d4 Bg4 16. d5 Bd6 17. h3 Bxf3 18. Bxf3 Qe7 19. Bg4 Ra8 20. Qa2 Kh8 21. a4 g6 22. Qc2 Qg7 23. Be6 h5 24. Nf3 Kh7 25. g4 Rfe8 26. gxh5 Nf8 27. hxg6+ Qxg6+ 28. Kh2 Nxe6 29. dxe6 Qh5 30. Qe2 Kh8 31. Rg1 Re7 32. Rg4 Rh7 33. Rh4 Qe8 34. Rg1 Qxe6 35. Rxh7+ Kxh7 36. Nd4 exd4+ 37. f4 Qf7 38. Qg4 Qf8 39. Bxd4 Qh6 40. e5 fxe5 41. fxe5 Bxe5+ 42. Bxe5 Qd2+ 43. Rg2 Qh6 44. Qf5+ 1-0


[Site "https://www.chess.com"]

[Event "Titled Tuesday Blitz June 07 Early 2022"]
[White "Lazavik, Denis"]
[Black "Chigaev, Maksim"]
[WhiteFideId "13515110"]
[BlackFideId "4108116"]
[WhiteElo "2437"]
[BlackElo "2457"]
[Result "0-1"]
[Round "05"]
[TimeControl "180+1"]
[Date "2022.06.07"]
[WhiteClock "0:00:07"]
[BlackClock "0:00:30"]

1. d4 d5 2. c4 c6 3. Nf3 Nf6 4. e3 a6 5. b3 Bg4 6. Bd3 e6 7. Nbd2 Nbd7 8. h3 Bf5 9. Bxf5 exf5 10. Qc2 g6 11. a4 Bb4 12. O-O O-O 13. Ba3 Bxa3 14. Rxa3 Qe7 15. Raa1 Rac8 16. Qb2 a5 17. Rab1 Qb4 18. Ne1 Rfe8 19. Nd3 Qe7 20. Rfc1 Ne4 21. Nf3 Ndf6 22. b4 dxc4 23. Rxc4 axb4 24. Rxb4 Nd6 25. a5 Nd5 26. Ra4 Nb5 27. Rc1 f4 28. Nxf4 Nxf4 29. exf4 Qe4 30. Qd2 Rcd8 31. Rac4 Qe2 32. Qb4 Qe4 33. Qd2 Qe2 34. Rd1 Qxc4 0-1


[Site "https://www.chess.com"]

[Event "Titled Tuesday Blitz June 07 Early 2022"]
[White "Le, Tuan Minh"]
[Black "Sapunov, Evgeny"]
[WhiteFideId "12401153"]
[BlackFideId "4126661"]
[WhiteElo "2530"]
[BlackElo "2470"]
[Result "1-0"]
[Round "05"]
[TimeControl "180+1"]
[Date "2022.06.07"]
[WhiteClock "0:00:16"]
[BlackClock "0:00:07"]

1. d4 Nf6 2. Nf3 g6 3. Bg5 Bg7 4. Nbd2 d5 5. c3 Nbd7 6. e3 c5 7. Bd3 O-O 8. O-O b6 9. Qe2 Bb7 10. h3 Qc7 11. Bf4 Qc8 12. a4 a6 13. Rfd1 Bc6 14. b4 c4 15. Bc2 b5 16. Ne5 Nxe5 17. Bxe5 Bh6 18. Qf3 Nd7 19. Bf4 Bg7 20. Qg3 Re8 21. Nf3 Qb7 22. a5 Nf6 23. Qh4 Ne4 24. Ng5 Nf6 25. Be5 h6 26. Nf3 Bd7 27. Nd2 Bc6 28. f4 Bf8 29. f5 g5 30. Qg3 Ne4 31. Nxe4 dxe4 32. f6 exf6 33. Bxf6 Re6 34. Rf1 Bg7 35. Bxg7 Kxg7 36. Rf5 f6 37. Raf1 Rf8 38. Rc5 Rf7 39. Bd1 Bd5 40. Bh5 Rfe7 41. Bg4 Kg6 42. h4 Qd7 43. Qf2 Kg7 44. Qf5 Bb7 45. Bh5 Rd6 46. Qg6+ Kh8 47. Qxh6+ Kg8 48. Rxg5+ 1-0


[Site "https://www.chess.com"]

[Event "Titled Tuesday Blitz June 07 Early 2022"]
[White "Lianes Garcia, Marcos"]
[Black "Grischuk, Alexander"]
[WhiteFideId "32060777"]
[BlackFideId "4126025"]
[WhiteElo "2310"]
[BlackElo "2762"]
[Result "0-1"]
[Round "05"]
[TimeControl "180+1"]
[Date "2022.06.07"]
[WhiteClock "0:00:04"]
[BlackClock "0:00:16"]

1. e4 e6 2. d4 d5 3. exd5 exd5 4. Nf3 Bd6 5. Bd3 Ne7 6. O-O Nbc6 7. c3 Bg4 8. Re1 Qd7 9. b4 O-O 10. a4 Ng6 11. h3 Bf5 12. Qc2 Nce7 13. Nbd2 Rfe8 14. Nf1 f6 15. Bxf5 Qxf5 16. Qxf5 Nxf5 17. Ne3 Nxe3 18. Bxe3 a5 19. b5 Ne7 20. Nd2 Kf7 21. Kf1 h5 22. Ke2 Nf5 23. Kd3 g5 24. Nb3 Nh4 25. Rg1 Kg6 26. Bd2 f5 27. Rae1 b6 28. Rxe8 Rxe8 29. Bc1 f4 30. Bd2 Kf5 31. f3 g4 32. hxg4+ hxg4 33. fxg4+ Kxg4 34. Nc1 Kg3 35. Rh1 Nxg2 36. Ne2+ Kg4 37. Rg1 f3 38. Nc1 Kg3 39. Rf1 Bf4 40. Kc2 Ne3+ 41. Bxe3 Bxe3 42. Nd3 Kg2 43. Re1 f2 44. Nxf2 Kxf2 45. Rh1 Bf4 46. Kd3 Re3+ 47. Kc2 Re2+ 48. Kb3 Kf3 49. Rh3+ Ke4 50. Ka3 Bc1+ 51. Kb3 Rb2+ 52. Ka3 Rh2+ 53. Kb3 Rxh3 0-1


[Site "https://www.chess.com"]

[Event "Titled Tuesday Blitz June 07 Early 2022"]
[White "Lubbe, Nikolas"]
[Black "Bharath Subramaniyam H"]
[WhiteFideId "4694031"]
[BlackFideId "46634827"]
[WhiteElo "2447"]
[BlackElo "2242"]
[Result "0-1"]
[Round "05"]
[TimeControl "180+1"]
[Date "2022.06.07"]
[WhiteClock "0:00:09"]
[BlackClock "0:00:30"]

1. d4 Nf6 2. Nc3 d6 3. e4 g6 4. Be3 Bg7 5. f3 a6 6. Qd2 b5 7. Nge2 O-O 8. g4 b4 9. Nd1 Nfd7 10. h4 c5 11. h5 cxd4 12. Nxd4 Ne5 13. Bh6 Nbc6 14. hxg6 fxg6 15. Bxg7 Nxd4 16. Bc4+ Be6 17. Bxe6+ Nxe6 18. Bxe5 dxe5 19. Qh2 Ng5 20. Ke2 Qd4 21. Qh6 Qc4+ 22. Kd2 Nxf3+ 23. Kc1 Rf7 24. Qe3 Rc8 25. c3 Nd4 26. Kb1 Rf3 27. Qh6 Qd3+ 0-1


[Site "https://www.chess.com"]

[Event "Titled Tuesday Blitz June 07 Early 2022"]
[White "Matinian, Nikita"]
[Black "Slugin, Sergey"]
[WhiteFideId "24129100"]
[BlackFideId "4122569"]
[WhiteElo "2422"]
[BlackElo "2358"]
[Result "0-1"]
[Round "05"]
[TimeControl "180+1"]
[Date "2022.06.07"]
[WhiteClock "0:00:15"]
[BlackClock "0:00:36"]

1. e4 e5 2. Nf3 Nc6 3. Bb5 a6 4. Ba4 d6 5. Bxc6+ bxc6 6. d4 f6 7. Nc3 g6 8. Qd3 Be6 9. Be3 Bg7 10. O-O-O Ne7 11. dxe5 fxe5 12. Ng5 Bg8 13. f4 exf4 14. Bxf4 Qd7 15. e5 Qf5 16. exd6 Qxf4+ 17. Kb1 cxd6 18. Rhe1 Qxg5 19. Qxd6 Bd5 20. Rxd5 cxd5 21. Qc6+ Kf7 22. Qe6+ Kf8 23. Rf1+ Ke8 24. Qf7+ Kd7 25. Qxg7 Rhg8 26. Qxh7 Rgf8 27. Rd1 Kc6 28. Qh3 Qe5 29. a3 d4 30. Na2 a5 31. c3 Qf5+ 32. Qxf5 Nxf5 33. cxd4 Rad8 34. Rc1+ Kb6 0-1


[Site "https://www.chess.com"]

[Event "Titled Tuesday Blitz June 07 Early 2022"]
[White "Matlakov, Maxim"]
[Black "Nakamura, Hikaru"]
[WhiteFideId "4168003"]
[BlackFideId "2016192"]
[WhiteElo "2669"]
[BlackElo "2850"]
[Result "0-1"]
[Round "05"]
[TimeControl "180+1"]
[Date "2022.06.07"]
[WhiteClock "0:00:23"]
[BlackClock "0:01:53"]

1. d4 Nf6 2. Nf3 e6 3. c4 d5 4. g3 Bb4+ 5. Nbd2 Be7 6. Bg2 O-O 7. O-O b6 8. Ne5 Bb7 9. b3 Nbd7 10. Bb2 c5 11. Nxd7 Qxd7 12. dxc5 bxc5 13. e3 Rfd8 14. cxd5 exd5 15. Nf3 a5 16. Qc2 a4 17. Rfd1 Ne4 18. Ne5 Qf5 19. Bxe4 dxe4 20. bxa4 Bd5 21. Nc4 Qe6 22. Rac1 Rdb8 23. Ba3 h5 24. Qe2 Rxa4 0-1


[Site "https://www.chess.com"]

[Event "Titled Tuesday Blitz June 07 Early 2022"]
[White "Molina, Roberto Junio Brito"]
[Black "Dubov, Daniil"]
[WhiteFideId "2109450"]
[BlackFideId "24126055"]
[WhiteElo "2432"]
[BlackElo "2791"]
[Result "0-1"]
[Round "05"]
[TimeControl "180+1"]
[Date "2022.06.07"]
[WhiteClock "0:00:04"]
[BlackClock "0:00:08"]

1. d4 Nf6 2. c4 e6 3. Nf3 d5 4. Nc3 c6 5. Bg5 h6 6. Bxf6 Qxf6 7. e3 Nd7 8. Rc1 Bd6 9. Be2 dxc4 10. Bxc4 O-O 11. O-O Qe7 12. Qc2 b6 13. Ne4 Bb7 14. Nxd6 Qxd6 15. Qe2 Rfc8 16. Rfd1 Rc7 17. h3 Rac8 18. Ba6 Bxa6 19. Qxa6 Qe7 20. Qd3 c5 21. Qa3 Kf8 22. d5 exd5 23. Rxd5 Nf6 24. Rd2 Rd7 25. Rcd1 Rcd8 26. Rxd7 Rxd7 27. Rxd7 Qxd7 28. Qb3 Ne4 29. Qc2 Qd5 30. Kf1 Ke7 31. Ke2 Nd6 32. b3 b5 33. Nd2 b4 34. f3 a5 35. Qd3 Qc6 36. Nc4 Nxc4 37. Qxc4 g5 38. h4 Kf6 39. hxg5+ hxg5 40. g4 a4 41. Kf2 axb3 42. axb3 Qe6 43. Qxc5 Qxb3 44. Qf5+ Ke7 45. Qxg5+ Kd7 46. Qf5+ Kc6 47. Qf6+ Kb5 48. g5 Qc2+ 49. Kg3 Qc7+ 50. f4 b3 51. Kg4 Kb4 52. f5 Qc4+ 53. Kh5 Qe2+ 54. Kh6 b2 55. Qb6+ Qb5 56. Qd4+ Kb3 57. Qd1+ Ka3 58. Qb1 Qb6+ 59. g6 Qxe3+ 60. Kg7 fxg6 61. fxg6 Qc1 62. Qd3+ Kb4 63. Qd4+ Kb3 64. Qb6+ Kc2 65. Qc5+ Kd1 66. Qg1+ Ke2 67. Qg2+ Ke3 68. Qg3+ Kd4 69. Qd6+ Ke4 70. Qe6+ Kf4 71. Qd6+ Kf3 72. Qd5+ Kg3 73. Qe5+ Kf2 74. Qd4+ Ke2 75. Qe5+ Kd1 76. Qd4+ Qd2 77. Qg1+ Kc2 78. Qc5+ Qc3+ 79. Qxc3+ Kxc3 80. Kf7 b1=Q 81. g7 Qh7 82. Kf8 Qf5+ 83. Ke7 Qg6 84. Kf8 Qf6+ 0-1


[Site "https://www.chess.com"]

[Event "Titled Tuesday Blitz June 07 Early 2022"]
[White "Morefield, Jason"]
[Black "Melikyan, Gnel"]
[WhiteFideId "30920825"]
[BlackFideId "54109990"]
[WhiteElo "2171"]
[BlackElo "1772"]
[Result "1-0"]
[Round "05"]
[TimeControl "180+1"]
[Date "2022.06.07"]
[WhiteClock "0:00:21"]
[BlackClock "0:00:13"]

1. e4 c5 2. Nf3 Nc6 3. d4 cxd4 4. Nxd4 e5 5. Nb5 Nf6 6. N1c3 d6 7. Nd5 Nxd5 8. exd5 Nb8 9. a4 a6 10. Na3 f5 11. Be2 Be7 12. Bd2 O-O 13. Nc4 Nd7 14. a5 Nf6 15. Nb6 Rb8 16. O-O Bd7 17. c4 Be8 18. b4 Ne4 19. Be1 Bg6 20. f3 Nf6 21. Bf2 Nd7 22. c5 Nxb6 23. axb6 Rc8 24. c6 bxc6 25. b7 Rc7 26. dxc6 d5 27. Bb6 d4 28. Rxa6 Qd6 29. Bc4+ Bf7 30. Bxf7+ Kxf7 31. Qb3+ Kg6 32. Bxc7 Qxc7 33. Ra8 Qxc6 34. Rxf8 Qxb7 35. Qf7+ Kh6 36. Qxf5 Qxb4 37. Rh8 g6 38. Qh3+ Kg5 39. Rxh7 Kf4 40. Qg4+ Ke3 41. Qe4+ Kd2 42. Rf2+ Kc3 43. Qc2# 1-0


[Site "https://www.chess.com"]

[Event "Titled Tuesday Blitz June 07 Early 2022"]
[White "Nesterov, Arseniy"]
[Black "Kamsky, Gata"]
[WhiteFideId "24198455"]
[BlackFideId "2000024"]
[WhiteElo "2489"]
[BlackElo "2645"]
[Result "1/2-1/2"]
[Round "05"]
[TimeControl "180+1"]
[Date "2022.06.07"]
[WhiteClock "0:00:05"]
[BlackClock "0:00:15"]

1. d4 d5 2. c4 c6 3. Nc3 Nf6 4. e3 g6 5. Nf3 Bg7 6. h3 O-O 7. Bd3 a6 8. O-O dxc4 9. Bxc4 b5 10. Bb3 Nbd7 11. e4 b4 12. Na4 Nxe4 13. Re1 Nef6 14. Bg5 e6 15. Ne5 Nxe5 16. dxe5 Qxd1 17. Raxd1 Nd5 18. Rc1 h6 19. Bd2 a5 20. Rxc6 Bb7 21. Rcc1 Rad8 22. Nc5 Ba8 23. Rcd1 g5 24. Ba4 Rc8 25. Nd7 Rfd8 26. Rc1 Bb7 27. a3 Rxc1 28. Rxc1 Bc8 29. Nf6+ Nxf6 30. exf6 Bxf6 31. axb4 axb4 32. Bxb4 Bxb2 33. Rb1 Bf6 34. Ba5 Rd5 35. Bc7 Bd7 36. Bxd7 Rxd7 37. Ba5 Kg7 38. Kf1 h5 39. Ke2 Kg6 40. g4 Rd5 41. Bd2 Re5+ 42. Be3 Ra5 43. Kf3 Ra3 44. Ke4 hxg4 45. hxg4 Ra4+ 46. Kf3 Be5 47. Rb7 Bd4 48. Bxd4 Rxd4 49. Kg3 Kf6 50. f3 Rd3 51. Kf2 Ra3 52. Kg3 Kg6 53. Kf2 f5 54. gxf5+ exf5 55. Rb5 f4 56. Rb2 Kh5 57. Kg2 Kh4 58. Rc2 Rd3 59. Rb2 g4 60. fxg4 Kxg4 61. Kf2 Rh3 62. Kg2 f3+ 63. Kg1 Kg3 64. Rg2+ fxg2 1/2-1/2


[Site "https://www.chess.com"]

[Event "Titled Tuesday Blitz June 07 Early 2022"]
[White "Niemann, Hans Moke"]
[Black "Barp, Alberto"]
[WhiteFideId "2093596"]
[BlackFideId "872555"]
[WhiteElo "2632"]
[BlackElo "2229"]
[Result "1-0"]
[Round "05"]
[TimeControl "180+1"]
[Date "2022.06.07"]
[WhiteClock "0:01:45"]
[BlackClock "0:00:30"]

1. d4 Nf6 2. Nc3 e6 3. Bf4 Bb4 4. Qd3 Nd5 5. Bd2 b6 6. e4 Nxc3 7. bxc3 Ba6 8. Qg3 Bxf1 9. Qxg7 Bf8 10. Qxh8 Bxg2 11. Nf3 Bxh1 12. Bg5 Qc8 13. Bh6 Ke7 14. Ng5 Nc6 15. Nxh7 Bxh6 16. Qf6+ Kd6 17. Qxh6 Qg8 18. Qf4+ Ke7 19. Qh4+ Kd6 20. e5+ Kd5 21. Nf6+ 1-0


[Site "https://www.chess.com"]

[Event "Titled Tuesday Blitz June 07 Early 2022"]
[White "Rosen, Eric"]
[Black "Bortnyk, Mykola"]
[WhiteFideId "2032562"]
[BlackFideId "14120836"]
[WhiteElo "2362"]
[BlackElo "2582"]
[Result "1-0"]
[Round "05"]
[TimeControl "180+1"]
[Date "2022.06.07"]
[WhiteClock "0:00:08"]
[BlackClock "0:00:14"]

1. d4 d5 2. Bf4 c5 3. e3 cxd4 4. exd4 Nc6 5. Nf3 Bf5 6. Nbd2 e6 7. c3 Qd7 8. Be2 f6 9. h3 g5 10. Bh2 h5 11. Nb3 Rd8 12. Qd2 b6 13. a4 Bd6 14. Bxd6 Qxd6 15. Bd3 Nge7 16. Nc1 Kf7 17. Ne2 Na5 18. Rd1 Rdg8 19. b4 Bxd3 20. Qxd3 Nc4 21. Qc2 Nf5 22. Nd2 Rc8 23. Nxc4 Rxc4 24. Qd3 Kg7 25. O-O Rh6 26. Rfe1 Rc8 27. Ng3 Nxg3 28. fxg3 Rhh8 29. Re3 Rce8 30. Rde1 Re7 31. Qe2 Kf7 32. Rf1 Kg7 33. Qf3 Rh6 34. Rfe1 a6 35. Qe2 Kf7 36. Qxa6 Rh8 37. Qd3 Qd7 38. Rf1 Rh6 39. Ref3 Kg7 40. Qc2 f5 41. h4 gxh4 42. gxh4 Rg6 43. Re3 Kh6 44. Qd2 Kh7 45. Qe2 Reg7 46. Qxh5+ Rh6 47. Qe2 Rxh4 48. Rxe6 Rhg4 49. Rf2 Qxa4 50. Qd2 Qa1+ 51. Re1 Qa8 52. Qd3 Qc8 53. Ree2 R4g5 54. Qh3+ Kg6 55. Re5 Rf7 56. Rfe2 Rh5 57. Qg3+ Rg5 58. Re6+ Rf6 59. Rxf6+ Kxf6 60. Qe5+ Kg6 61. Qe6+ Qxe6 62. Rxe6+ Kh5 63. Rxb6 Rg3 64. Rc6 Rd3 65. b5 Rd1+ 66. Kf2 Rb1 67. Rc5 Kg4 68. Rxd5 Rb2+ 69. Kf1 Rb1+ 70. Ke2 Rb2+ 71. Kd3 Rxg2 72. c4 Rg3+ 73. Kc2 f4 74. Rd8 f3 75. b6 f2 76. Rg8+ Kh3 77. Rf8 Kg2 78. Rxf2+ Kxf2 79. b7 Rg8 80. c5 Ke3 81. c6 Kxd4 82. c7 Rg2+ 83. Kb3 Rg3+ 84. Kb4 Rg1 85. c8=Q Rb1+ 86. Ka5 Ra1+ 87. Kb6 Rb1+ 88. Kc7 Rc1+ 89. Kd7 1-0


[Site "https://www.chess.com"]

[Event "Titled Tuesday Blitz June 07 Early 2022"]
[White "Rozman, Levy"]
[Black "Vokhidov, Shamsiddin"]
[WhiteFideId "2039877"]
[BlackFideId "14204223"]
[WhiteElo "2376"]
[BlackElo "2611"]
[Result "0-1"]
[Round "05"]
[TimeControl "180+1"]
[Date "2022.06.07"]
[WhiteClock "0:00:03"]
[BlackClock "0:01:45"]

1. e4 Nf6 2. Nc3 e5 3. f4 d5 4. fxe5 Nxe4 5. Qf3 Nxc3 6. bxc3 c5 7. Qg3 Nc6 8. Nf3 h5 9. Bb5 h4 10. Qf4 Be7 11. O-O Be6 12. d4 h3 13. g3 Qa5 14. Rb1 Qxc3 15. Bd2 Qxc2 16. Rfc1 Qe4 17. dxc5 O-O 18. Bf1 Bxc5+ 19. Rxc5 Qxb1 20. Ng5 Qf5 21. Qh4 Nxe5 22. Be2 f6 23. Nxe6 Qxe6 24. Rc7 Qb6+ 0-1


[Site "https://www.chess.com"]

[Event "Titled Tuesday Blitz June 07 Early 2022"]
[White "Rustemov, Alexander"]
[Black "Martinez Alcantara, Jose Eduardo"]
[WhiteFideId "4119002"]
[BlackFideId "3805662"]
[WhiteElo "2789"]
[BlackElo "2703"]
[Result "0-1"]
[Round "05"]
[TimeControl "180+1"]
[Date "2022.06.07"]
[WhiteClock "0:00:01"]
[BlackClock "0:00:07"]

1. d4 Nf6 2. c4 e6 3. Nf3 a6 4. Nc3 d5 5. cxd5 exd5 6. Bg5 Be6 7. e3 Nbd7 8. Bd3 Bd6 9. Qc2 c6 10. Bf4 Qc7 11. Bxd6 Qxd6 12. h3 O-O 13. O-O Rfe8 14. Rfb1 Rac8 15. b4 b5 16. a4 Nb6 17. Nd2 h6 18. Nb3 Ra8 19. Nc5 Nc4 20. Ra2 Nd7 21. axb5 axb5 22. Rba1 Rxa2 23. Qxa2 Ndb6 24. Bxc4 Nxc4 25. Qe2 Bf5 26. Qf3 Bg6 27. Ra6 Qc7 28. Qg4 Nb6 29. Ne2 Ra8 30. Rxa8+ Nxa8 31. Nf4 Kh7 32. h4 Nb6 33. h5 Bc2 34. Qe2 Bf5 35. g4 Bc8 36. Kg2 Qa7 37. Ncd3 Nc4 38. Ne5 Qc7 39. Nfd3 f6 40. Ng6 Kg8 41. Qf3 Qd7 42. Kg3 Nd6 43. Qf4 Ne4+ 44. Kh4 Qd8 45. f3 f5+ 46. Kh3 fxg4+ 47. fxg4 Nf6 48. Nde5 Qe8 49. Kg3 Bd7 50. Kh4 Bc8 51. g5 hxg5+ 52. Qxg5 Qe6 53. Nf4 Qf5 54. Qxf5 Bxf5 55. Kg5 Bd7 56. h6 Ne4+ 57. Kg6 Be8+ 58. Kf5 gxh6 59. Ke6 Nd2 60. Ke7 Nc4 61. Kxe8 Nxe3 62. Nxc6 Kg7 63. Kd7 Kf6 64. Kd6 Kf5 65. Nxd5 Nc2 66. Nc3 h5 67. Nxb5 h4 68. Ne7+ Kg4 69. Nd5 h3 70. Ne3+ Nxe3 0-1


[Site "https://www.chess.com"]

[Event "Titled Tuesday Blitz June 07 Early 2022"]
[White "Sadhwani, Raunak"]
[Black "Gormally, Daniel W"]
[WhiteFideId "35093487"]
[BlackFideId "406465"]
[WhiteElo "2616"]
[BlackElo "2543"]
[Result "0-1"]
[Round "05"]
[TimeControl "180+1"]
[Date "2022.06.07"]
[WhiteClock "0:00:03"]
[BlackClock "0:00:26"]

1. e4 c5 2. Nf3 d6 3. Bb5+ Nd7 4. Be2 Ngf6 5. Nc3 g6 6. d4 cxd4 7. Nxd4 Bg7 8. Be3 Nc5 9. f3 O-O 10. O-O a6 11. a4 Bd7 12. Qd2 Rc8 13. Rfd1 Qc7 14. a5 Ne6 15. Nb3 Nc5 16. Nxc5 dxc5 17. Bf4 e5 18. Bg5 Be6 19. Nd5 Bxd5 20. exd5 e4 21. d6 Qd7 22. c3 Rfe8 23. Rf1 e3 24. Bxe3 Qe6 25. Kf2 Rc6 26. Rad1 Rxd6 27. Qc1 Nd5 28. Bc4 Qxe3+ 29. Qxe3 Nxe3 30. Rxd6 Nxc4 31. Rd7 Nxb2 32. Rc1 c4 33. Rc2 Nd3+ 34. Kg3 Nc5 35. Rd5 Na4 36. Rd6 Be5+ 0-1


[Site "https://www.chess.com"]

[Event "Titled Tuesday Blitz June 07 Early 2022"]
[White "Santos Ruiz, Miguel"]
[Black "Svane, Frederik"]
[WhiteFideId "22291482"]
[BlackFideId "12923044"]
[WhiteElo "2475"]
[BlackElo "2459"]
[Result "1-0"]
[Round "05"]
[TimeControl "180+1"]
[Date "2022.06.07"]
[WhiteClock "0:00:10"]
[BlackClock "0:00:05"]

1. Nf3 c5 2. e4 e6 3. d4 cxd4 4. Nxd4 Nc6 5. Nc3 a6 6. a3 d6 7. Nxc6 bxc6 8. h4 Nf6 9. h5 h6 10. Bd3 d5 11. Qf3 Bc5 12. Qg3 Kf8 13. Bd2 Bb7 14. O-O-O Nd7 15. f4 Qe7 16. Nb1 a5 17. e5 Ba6 18. Rhf1 Bxd3 19. Qxd3 Bb6 20. Nc3 Nc5 21. Qe2 Rb8 22. f5 exf5 23. Rxf5 Ke8 24. g4 Ne6 25. Na4 Bc7 26. Be3 Rf8 27. Qa6 Qd7 28. Bc5 Rg8 29. Rdf1 Nd8 30. Bd4 Qc8 31. Qe2 Ne6 32. c3 Nd8 33. Nc5 Bb6 34. e6 f6 35. e7 Nf7 36. Bxf6 gxf6 37. Rxf6 Rg7 38. Ne6 Rh7 39. Qd3 Rh8 40. Ng7+ Kxe7 41. Rxf7+ Kd8 42. Rf8+ 1-0


[Site "https://www.chess.com"]

[Event "Titled Tuesday Blitz June 07 Early 2022"]
[White "Sarana, Alexey"]
[Black "Daneshvar, Bardiya"]
[WhiteFideId "24133795"]
[BlackFideId "12576468"]
[WhiteElo "2666"]
[BlackElo "2303"]
[Result "1/2-1/2"]
[Round "05"]
[TimeControl "180+1"]
[Date "2022.06.07"]
[WhiteClock "0:00:15"]
[BlackClock "0:00:06"]

1. d4 d5 2. c4 c6 3. Nf3 Nf6 4. g3 Bf5 5. Nc3 e6 6. Bg2 h6 7. Qb3 Qb6 8. c5 Qxb3 9. axb3 Be7 10. b4 O-O 11. b5 cxb5 12. Nxb5 Nc6 13. O-O b6 14. cxb6 axb6 15. Bf4 g5 16. Bc7 Nd7 17. Rac1 Na5 18. Bd6 Bxd6 19. Nxd6 Bg4 20. Rc7 Bxf3 21. Bxf3 Nf6 22. b4 Nb3 23. e3 Rad8 24. Nb7 Rc8 25. Rxc8 Rxc8 26. Kg2 Nd2 27. Ra1 Nxf3 28. Kxf3 Ne4 29. Ra2 Kf8 30. b5 Ke7 31. Ra7 Kf6 32. Ra2 h5 33. h3 Ke7 34. Ra7 Rc7 35. Na5 Rxa7 36. Nc6+ Kd7 37. Nxa7 Nd6 38. h4 g4+ 39. Kf4 f6 40. e4 Nxe4 41. f3 gxf3 42. Kxf3 e5 43. g4 hxg4+ 44. Kxg4 exd4 45. Kf3 Nd6 46. h5 Ke6 47. Ke2 Kf7 48. Kd3 Kg7 49. Kxd4 Kh6 50. Kxd5 Nxb5 51. Nxb5 Kxh5 52. Nd4 f5 53. Nxf5 b5 54. Nd4 b4 55. Nb3 Kg5 56. Kc4 Kh5 57. Kxb4 1/2-1/2


[Site "https://www.chess.com"]